 Dungeon Crawl Stone Soup version 0.31.0-11-ge490571c62 (webtiles) character file.

Game seed: 1536661625110211956

8458 qw the Nimble (level 11, -3/53 HPs)
             Began as a Spriggan Hunter on Feb 3, 2024.
             Was a High Priest of Okawaru.
             Killed by the air
             ... invoked by Gastronok
              (29 damage)
             ... on level 10 of the Dungeon.
             The game lasted 00:00:59 (7828 turns).

qw the Nimble (Spriggan Hunter)                     Turns: 7828, Time: 00:01:00

Health: -3/53      AC: 11    Str:  7    XL:     11   Next: 10%
Magic:  13/18      EV: 29    Int: 11    God:    Okawaru [*****.]
Gold:   272        SH:  0    Dex: 23    Spells: 10/10 levels left

rFire   . . .        a - +2 shortbow (drain)
rCold   . . .        (shield currently unavailable)
rNeg    . . .        p - +0 steam dragon scales
rPois   .            (helmet restricted)
rElec   .            f - +1 cloak
rCorr   .            (gloves unavailable)
SInv    +            (boots unavailable)
Will    +....        o - amulet of regeneration
Stlth   ++           d - +4 ring of protection
HPRegen 1.08/turn    (no ring)
MPRegen 0.16/turn

%: no passive effects
@: finesse-ful, very quick
A: very small, no large weapons, unfitting armour, see invisible, speed 3
a: Renounce Religion, Heroism, Finesse, Duel


You were on level 10 of the Dungeon.
You worshipped Okawaru.
Okawaru was extremely pleased with you.
You visited 2 branches of the dungeon, and saw 11 of its levels.

You collected 495 gold pieces.
You spent 223 gold pieces at shops.


Innate Abilities, Weirdness & Mutations

You are very small and have problems with some larger weapons.
You are too small for most types of armour.
You have supernaturally acute eyesight. (SInv)
You cover ground extremely quickly. (Speed+++)


   Skills:
 - Level 4.1 Fighting
 + Level 11.5 Ranged Weapons
 - Level 1.6 Armour
 - Level 12.0 Dodging
 - Level 1.5 Stealth
 + Level 8.5 Invocations


You had 10 spell levels left.
You didn't know any spells.
Your spell library was empty.

Inventory:

Hand Weapons
 a - a +2 shortbow of draining (weapon)
Armour
 f - a +1 cloak (worn)
 p - +0 steam dragon scales (worn)
Jewellery
 d - a +4 ring of protection (left hand)
 o - an amulet of regeneration (around neck)
Wands
 q - a wand of roots (4)
Scrolls
 h - 7 scrolls of teleportation
Potions
 b - 6 potions of curing
 c - a potion of brilliance {unknown}
 e - a potion of cancellation
 g - a potion of lignification {unknown}
 i - a potion of heal wounds
 j - a potion of might
 k - 3 potions of enlightenment
 l - a potion of resistance
 m - a potion of mutation

Dungeon Overview and Level Annotations

Branches:
Dungeon (10/15)            Temple (1/1) D:4
   Lair: D:8-11         Orc: D:9-12

Altars:
Ashenzari
Cheibriados
Dithmenos
Elyvilon
Fedhas
Gozag
Hepliaklqana
Kikubaaqudgha
Makhleb
Nemelex Xobeh
Okawaru
Qazlal
Ru
Sif Muna
Trog
Uskayaw
Vehumet
Wu Jian
Xom
Yredelemnul
Zin
The Shining One

Shops:
D:4 *?=[   D:5 ?=:   D:9 :

Portals:
Bailey: D:8

Annotations:
D:6 3 runed translucent doors, qw's ghost, amateur DgHu; qw's ghost, novice DEHu; qw's ghost, novice GrHu; qw's ghost, novice SpHu
D:10 Gastronok


Message History

You shoot an arrow. The arrow hits the yak.
You kill the yak!
Okawaru accepts your kill.
You shoot an arrow. The arrow hits the gnoll.
The gnoll is moderately wounded.
The gnoll closely misses you. The gnoll completely misses you.
You shoot an arrow. The arrow hits the gnoll.
You drain the gnoll.
The gnoll is severely wounded.
You shoot an arrow. The arrow hits the gnoll!
You kill the gnoll!
Okawaru accepts your kill. The gnoll closely misses you.
You shoot an arrow. The arrow hits the gnoll.
You drain the gnoll.
The gnoll is moderately wounded.
You shoot an arrow. The arrow hits the gnoll!
You kill the gnoll!
Okawaru accepts your kill.
You shoot an arrow. The arrow hits the gnoll.
You drain the gnoll.
The gnoll is severely wounded.
The gnoll completely misses you.
Gastronok waves his eye-stalks in wide circles.
The air twists around and strikes you!
You shoot an arrow. The arrow hits the gnoll!
You kill the gnoll!
Okawaru accepts your kill.
You shoot an arrow. The arrow hits the kobold brigand.
The kobold brigand is moderately wounded.
You shoot an arrow.
The arrow closely misses the kobold brigand.
A kobold comes into view.
It is wielding a +0 short sword and quivering poisoned darts.
The kobold brigand hits you but does no damage.
You shoot an arrow. The arrow hits the kobold brigand!
The kobold brigand is severely wounded.
You shoot an arrow. The arrow misses the kobold brigand.
A kobold comes into view.
It is wielding a +2 dagger of holy wrath.
Gastronok waves his eye-stalks in wide circles.
The air twists around and strikes you!!
Ouch! That really hurt!
You die...
Gastronok gurgles, "Let's see if you taste as good as that wizard did."

..._.............#
~......^ยค....###.##
..~..##....### ##.## #
##^..#.#~..# #..# .#
##...#.#~.## ##.####.#
(.~.~^.^..### #K....#
#.....#.....## ###K....##
.....##..##..###K)wr....#
.....##..####).)@##.....#
.##..##..# #.######..w...
###.###.## ### ##.....
....# #.# ..... ##..# ..#
..... ###.#..# .. ....#


You could see Gastronok (swift), a kobold brigand, a river rat (summoned) and 2
kobolds.

Vanquished Creatures
  Pikel (D:6)
  Maggie (D:7)
  A troll (D:10)
  A hornet (D:9)
  Sigmund (D:6)
  A wyvern (D:10)
  15 yaks
  A fire bat (D:9)
  3 steam dragons
  4 vampire mosquitoes (D:10)
  A hell hound (D:9)
  2 water moccasins
  2 orc warriors
  2 sky beasts
  A black bear (D:6)
  An ogre (D:5)
  3 centaurs
  A lemure (D:6)
  2 kobold brigands
  3 bullfrogs (D:8)
  4 scorpions
  2 gnoll sergeants
  11 wights
  A howler monkey (D:8)
  3 bombardier beetles
  3 gnoll boudas
  5 orc priests
  8 hounds
  2 jellies
  4 iguanas
  9 orc wizards
  22 gnolls
  7 adders
  2 shadow imps
  3 white imps
  2 ufetubi (D:6)
  3 ribbon worms
  5 dart slugs
  36 orcs
  7 endoplasms
  2 giant cockroaches
  16 goblins
  3 hobgoblins
  8 jackals
  7 quokkas
  4 ball pythons
  6 bats
  3 frilled lizards
  17 kobolds
  4 rats
256 creatures vanquished.

Notes
Turn   | Place    | Note
-------+----------+-------------------------------------------
     0 | D:1      | qw the Spriggan Hunter began the quest for the Orb.
     0 | D:1      | Reached XP level 1. HP: 10/10 MP: 2/2
     0 | D:1      | 0 ||| qw: Version: 0.3-a-157-g843a77d
     0 | D:1      | 0 ||| qw: Game counter: 3716
     0 | D:1      | 0 ||| qw: Melee chars always use a shield: true
     0 | D:1      | 0 ||| qw: God list: Okawaru
     0 | D:1      | 0 ||| qw: Allow faded altars: false
     0 | D:1      | 0 ||| qw: Do Orc after clearing Dungeon:15 true
     0 | D:1      | 0 ||| qw: Do second Lair branch before Depths: true
     0 | D:1      | 0 ||| qw: Lair rune preference: random
     0 | D:1      | 0 ||| qw: Goals: Normal
     0 | D:1      | 0 ||| PLANNING D:1-11
    35 | D:1      | Reached skill level 3 in Dodging
    60 | D:1      | You fall into a shaft and drop 1 floor!
    88 | D:2      | 88 ||| DRINKING 2 sedimented orange potions.
    89 | D:2      | 89 ||| DROPPING scroll of butterflies.
    90 | D:2      | 90 ||| DROPPING potion of degeneration.
    95 | D:2      | 95 ||| FLEEEEING.
    96 | D:2      | 96 ||| FLEEEEING.
    97 | D:2      | 97 ||| FLEEEEING.
    98 | D:2      | 98 ||| STAIRDANCE
   128 | D:1      | Reached XP level 2. HP: 14/14 MP: 3/3
   168 | D:1      | Reached skill level 4 in Dodging
   734 | D:1      | 734 ||| READING scroll labelled LUELUO XUWKO.
   738 | D:1      | 738 ||| READING scroll labelled JOSESM ZAKI.
   738 | D:1      | 738 ||| ENCHANTING +0 shortbow.
   739 | D:1      | 739 ||| READING scroll labelled EVATASM QEKLUE.
   935 | D:2      | Reached XP level 3. HP: 18/18 MP: 4/4
  1413 | D:2      | 1413 ||| READING scroll of enchant weapon.
  1413 | D:2      | 1413 ||| ENCHANTING +1 shortbow.
  1733 | D:2      | 1733 ||| UPGRADING to +4 ring of protection.
  1734 | D:2      | 1734 ||| READING scroll labelled CEDESU WOUSAL.
  1735 | D:2      | 1735 ||| READING scroll labelled OTZARO YBBABI.
  1735 | D:2      | 1735 ||| IDENTIFYING metallic clear potion
  1736 | D:2      | 1736 ||| READING 2 scrolls labelled LOULOA OMOCA.
  1736 | D:2      | 1736 ||| ENCHANTING +2 shortbow.
  1823 | D:3      | Reached XP level 4. HP: 22/22 MP: 5/5
  1858 | D:3      | Found a sparkling altar of Nemelex Xobeh.
  1867 | D:3      | Found a white marble altar of Elyvilon.
  1989 | D:3      | Reached skill level 5 in Dodging
  2150 | D:3      | Found a glowing silver altar of Zin.
  2150 | D:3      | Noticed an angel
  2546 | D:3      | Identified the +3 chain mail "Fiapso" {Str+3 Stlth+}
  2563 | D:3      | Found a faded altar of an unknown god.
  2726 | D:3      | Reached XP level 5. HP: 26/26 MP: 6/6
  2731 | D:3      | 2731 ||| DROPPING amulet of magic regeneration.
  2732 | D:3      | 2732 ||| DRINKING 3 metallic yellow potions.
  2765 | D:4      | Found Guqelul's Jewellery Shoppe.
  2770 | D:4      | 2770 ||| SHOPLISTING +4 ring of slaying (1014 gold, have
                  | 157).
  2770 | D:4      | 2770 ||| SHOPLISTING +6 ring of dexterity (468 gold, have
                  | 157).
  2770 | D:4      | 2770 ||| SHOPLISTING amulet of faith (520 gold, have 157).
  2770 | D:4      | 2770 ||| SHOPLISTING ring of positive energy (260 gold,
                  | have 157).
  2770 | D:4      | 2770 ||| SHOPLISTING ring of protection from cold (325
                  | gold, have 157).
  2770 | D:4      | 2770 ||| SHOPLISTING ring of willpower (325 gold, have
                  | 157).
  2808 | D:4      | Found Umyt's Antique Armour Boutique.
  2824 | D:4      | 2824 ||| BUYING cloak (135 gold).
  2824 | D:4      | Bought a cloak for 135 gold pieces
  3089 | D:4      | Reached skill level 6 in Ranged Weapons
  3125 | D:4      | 3125 ||| FLEEEEING.
  3126 | D:4      | 3126 ||| FLEEEEING.
  3127 | D:4      | 3127 ||| FLEEEEING.
  3128 | D:4      | 3128 ||| FLEEEEING.
  3129 | D:4      | 3129 ||| FLEEEEING.
  3131 | D:4      | 3131 ||| FLEEEEING.
  3133 | D:4      | 3133 ||| FLEEEEING.
  3147 | D:4      | Reached XP level 6. HP: 27/30 MP: 7/7
  3183 | D:4      | Found Rocsu's Magic Scroll Boutique.
  3192 | D:4      | Reached skill level 6 in Dodging
  3198 | D:4      | 3198 ||| SHOPLISTING 3 scrolls of enchant armour (315 gold,
                  | have 37).
  3198 | D:4      | 3198 ||| SHOPLISTING scroll of brand weapon (133 gold, have
                  | 37).
  3198 | D:4      | 3198 ||| SHOPLISTING scroll of enchant armour (105 gold,
                  | have 37).
  3198 | D:4      | 3198 ||| BUYING scroll of identify (28 gold).
  3198 | D:4      | Bought a scroll of identify for 28 gold pieces
  3198 | D:4      | 3198 ||| SHOPLISTING scroll of identify (28 gold, have 9).
  3282 | D:4      | Found Zoshruw's General Store.
  3287 | D:4      | 3287 ||| SHOPLISTING potion of heal wounds (55 gold, have
                  | 16).
  3319 | D:4      | Identified the +5 mace "Epegeg" {venom, Str+3}
  3322 | D:4      | Found a staircase to the Ecumenical Temple.
  3323 | D:4      | 3323 ||| PLANNING TEMPLE
  3323 | D:4      | 3323 ||| UPGRADING to +0 cloak.
  3328 | D:4      | 3328 ||| READING scroll of enchant armour.
  3328 | D:4      | 3328 ||| ENCHANTING +0 cloak.
  3329 | D:4      | 3329 ||| READING 2 scrolls of identify.
  3329 | D:4      | 3329 ||| IDENTIFYING bubbling purple potion
  3330 | D:4      | 3330 ||| READING scroll of identify.
  3330 | D:4      | 3330 ||| IDENTIFYING 2 fuming emerald potions
  3331 | D:4      | 3331 ||| READING scroll labelled RACHUA KOSI.
  3332 | D:4      | 3332 ||| DROPPING potion of berserk rage.
  3341 | Temple   | Entered the Ecumenical Temple
  3342 | Temple   | 3342 ||| PLANNING OKAWARU WORSHIP
  3356 | Temple   | Became a worshipper of Warmaster Okawaru
  3357 | Temple   | 3357 ||| PLANNING D:1-11
  3561 | D:5      | Entered Level 5 of the Dungeon
  3574 | D:5      | Found Ikacu's Book Emporium.
  3588 | D:5      | Found Suadawk's Jewellery Boutique.
  3596 | D:5      | 3596 ||| SHOPLISTING amulet of Elemental Vulnerability
                  | {rPois rF-- rC-- AC+8} (536 gold, have 38).
  3596 | D:5      | 3596 ||| SHOPLISTING amulet of faith (560 gold, have 38).
  3596 | D:5      | 3596 ||| SHOPLISTING ring of ice (350 gold, have 38).
  3596 | D:5      | 3596 ||| SHOPLISTING ring of positive energy (280 gold,
                  | have 38).
  3765 | D:5      | 3765 ||| FLEEEEING.
  3766 | D:5      | 3766 ||| FLEEEEING.
  3767 | D:5      | 3767 ||| FLEEEEING.
  3768 | D:5      | 3768 ||| FLEEEEING.
  3769 | D:5      | 3769 ||| FLEEEEING.
  3771 | D:5      | 3771 ||| FLEEEEING.
  3772 | D:5      | 3772 ||| FLEEEEING.
  3773 | D:5      | 3773 ||| FLEEEEING.
  3775 | D:5      | 3775 ||| FLEEEEING.
  3776 | D:5      | 3776 ||| FLEEEEING.
  3778 | D:5      | 3778 ||| FLEEEEING.
  3779 | D:5      | 3779 ||| FLEEEEING.
  3780 | D:5      | 3780 ||| FLEEEEING.
  3782 | D:5      | 3782 ||| FLEEEEING.
  3783 | D:5      | 3783 ||| FLEEEEING.
  3785 | D:5      | 3785 ||| FLEEEEING.
  3786 | D:5      | 3786 ||| FLEEEEING.
  3788 | D:5      | 3788 ||| FLEEEEING.
  3789 | D:5      | 3789 ||| FLEEEEING.
  3790 | D:5      | 3790 ||| FLEEEEING.
  3792 | D:5      | 3792 ||| FLEEEEING.
  3801 | D:5      | Reached XP level 7. HP: 15/35 MP: 8/8
  3802 | D:5      | 3802 ||| FLEEEEING.
  3803 | D:5      | 3803 ||| FLEEEEING.
  3804 | D:5      | 3804 ||| FLEEEEING.
  3805 | D:5      | 3805 ||| FLEEEEING.
  3806 | D:5      | 3806 ||| FLEEEEING.
  3808 | D:5      | 3808 ||| FLEEEEING.
  3814 | D:5      | 3814 ||| FLEEEEING.
  3815 | D:5      | 3815 ||| FLEEEEING.
  3817 | D:5      | 3817 ||| FLEEEEING.
  3818 | D:5      | 3818 ||| STAIRDANCE
  3883 | D:4      | 3883 ||| READING scroll labelled KUS DALOUST.
  3884 | D:4      | 3884 ||| READING scroll labelled MINUPT ZOISO.
  3884 | D:4      | 3884 ||| BRANDING +2 shortbow.
  3949 | D:5      | Found Xuewith's Magic Scroll Boutique.
  3952 | D:5      | Found a sacrificial altar of Ru.
  3955 | D:5      | 3955 ||| SHOPLISTING scroll of enchant armour (112 gold,
                  | have 71).
  3955 | D:5      | 3955 ||| BUYING scroll of identify (30 gold).
  3955 | D:5      | Bought a scroll of identify for 30 gold pieces
  3955 | D:5      | 3955 ||| BUYING scroll of identify (30 gold).
  3955 | D:5      | Bought a scroll of identify for 30 gold pieces
  3955 | D:5      | 3955 ||| SHOPLISTING scroll of identify (30 gold, have 11).
  3955 | D:5      | 3955 ||| SHOPLISTING scroll of teleportation (45 gold, have
                  | 11).
  4001 | D:5      | Reached * piety under Okawaru
  4015 | D:5      | Found a blossoming altar of Fedhas.
  4119 | D:5      | Reached skill level 7 in Dodging
  4119 | D:5      | Reached skill level 1 in Invocations
  4469 | D:5      | 4469 ||| READING 2 scrolls of identify.
  4469 | D:5      | 4469 ||| IDENTIFYING fuming amethyst potion
  4470 | D:5      | 4470 ||| READING scroll of identify.
  4470 | D:5      | 4470 ||| IDENTIFYING fizzy golden potion
  4471 | D:5      | 4471 ||| DRINKING 2 smoky clear potions.
  4472 | D:5      | 4472 ||| DROPPING potion of attraction.
  4520 | D:6      | Noticed Sigmund
  4521 | D:6      | 4521 ||| INVOKING Heroism.
  4524 | D:6      | Killed Sigmund
  4525 | D:6      | Reached skill level 3 in Invocations
  4525 | D:6      | Reached XP level 8. HP: 39/39 MP: 8/11
  4567 | D:6      | Reached ** piety under Okawaru
  4652 | D:6      | Noticed Pikel
  4653 | D:6      | 4653 ||| INVOKING Heroism.
  4664 | D:6      | 4664 ||| RETREEEEATING.
  4672 | D:6      | Killed Pikel
  4673 | D:6      | Reached skill level 8 in Dodging
  4683 | D:6      | Reached skill level 3 in Fighting
  4877 | D:6      | Reached XP level 9. HP: 44/44 MP: 13/13
  4926 | D:6      | Reached skill level 9 in Dodging
  4971 | D:6      | Found a runed translucent gate.
  4972 | D:6      | Found a runed translucent gate.
  4974 | D:6      | Found a runed translucent gate.
  4976 | D:6      | Noticed qw's ghost (novice DEHu)
  4976 | D:6      | Noticed qw's ghost (novice DEHu)
  4977 | D:6      | Noticed qw's ghost (amateur DgHu)
  4977 | D:6      | Noticed qw's ghost (novice SpHu)
  4977 | D:6      | Noticed qw's ghost (novice GrHu)
  5062 | D:6      | 5062 ||| UPGRADING to +1 robe.
  5072 | D:6      | 5072 ||| DROPPING +0 robe.
  5073 | D:6      | 5073 ||| UPGRADING to amulet of regeneration.
  5078 | D:6      | 5078 ||| READING 3 scrolls of identify.
  5078 | D:6      | 5078 ||| IDENTIFYING yellow potion
  5079 | D:6      | 5079 ||| READING 2 scrolls of identify.
  5079 | D:6      | 5079 ||| IDENTIFYING scroll labelled GAG TAATOSEMNE
  5080 | D:6      | 5080 ||| READING scroll of identify.
  5080 | D:6      | 5080 ||| IDENTIFYING scroll labelled REVEIT WIAROGEUCVA
  5081 | D:6      | 5081 ||| DROPPING scroll of fear.
  5082 | D:6      | 5082 ||| DROPPING scroll of torment.
  5169 | D:7      | Reached skill level 9 in Ranged Weapons
  5346 | D:7      | Reached *** piety under Okawaru
  5347 | D:7      | Reached skill level 10 in Dodging
  5487 | D:7      | Noticed Maggie
  5489 | D:7      | 5489 ||| INVOKING Heroism.
  5501 | D:7      | Killed Maggie
  5773 | D:7      | 5773 ||| UPGRADING to +0 steam dragon scales.
  5783 | D:7      | 5783 ||| DROPPING +1 robe.
  5784 | D:7      | 5784 ||| READING 2 scrolls of identify.
  5784 | D:7      | 5784 ||| IDENTIFYING bubbling black potion
  5785 | D:7      | 5785 ||| READING scroll of identify.
  5785 | D:7      | 5785 ||| IDENTIFYING scroll labelled RIKHLA LAOPH
  5786 | D:7      | 5786 ||| DROPPING scroll of poison.
  5825 | D:8      | 5825 ||| STAIRDANCE
  5843 | D:8      | 5843 ||| STAIRDANCE
  5849 | D:8      | 5849 ||| STAIRDANCE
  5859 | D:7      | Reached skill level 1 in Armour
  5874 | D:8      | 5874 ||| STAIRDANCE
  5879 | D:8      | 5879 ||| STAIRDANCE
  5987 | D:8      | Found a flagged portal.
  6031 | D:8      | 6031 ||| RETREEEEATING.
  6038 | D:8      | 6038 ||| RETREEEEATING.
  6041 | D:8      | 6041 ||| RETREEEEATING.
  6055 | D:8      | 6055 ||| RETREEEEATING.
  6059 | D:8      | 6059 ||| RETREEEEATING.
  6060 | D:8      | 6060 ||| RETREEEEATING.
  6062 | D:8      | Reached skill level 11 in Dodging
  6062 | D:8      | Reached XP level 10. HP: 49/49 MP: 14/14
  6070 | D:8      | Reached **** piety under Okawaru
  6188 | D:8      | Reached skill level 6 in Invocations
  6753 | D:9      | Found Kuulib's Book Emporium.
  6873 | D:9      | 6873 ||| INVOKING Finesse.
  7119 | D:9      | Found a shimmering altar of Xom.
  7120 | D:9      | 7120 ||| RETREEEEATING.
  7121 | D:9      | 7121 ||| RETREEEEATING.
  7122 | D:9      | 7122 ||| RETREEEEATING.
  7505 | D:9      | 7505 ||| READING scroll labelled NARCHO JOHEQUMA.
  7616 | D:10     | Entered Level 10 of the Dungeon
  7620 | D:10     | Found a stormy altar of Qazlal.
  7655 | D:10     | Reached ***** piety under Okawaru
  7712 | D:10     | Noticed Gastronok
  7713 | D:10     | 7713 ||| INVOKING Finesse.
  7726 | D:10     | Reached skill level 12 in Dodging
  7730 | D:10     | 7730 ||| RETREEEEATING.
  7731 | D:10     | 7731 ||| RETREEEEATING.
  7732 | D:10     | 7732 ||| RETREEEEATING.
  7759 | D:10     | 7759 ||| INVOKING Finesse.
  7789 | D:10     | Reached XP level 11. HP: 19/53 MP: 11/18
  7828 | D:10     | Killed from afar by Gastronok

Levels and vault maps discovered:
D:1:      dpeg_arrival_arbitrary_c, layout_basic, kennysheep_small_spiral
D:2:      layout_basic
D:3:      minmay_door_path, layout_basic, mainiacjoe_overflow_cross_hatched,
          zin_angel, mainiacjoe_overflow_catwalk,
          shapermc_ecumenical_altar_notcrosses, minmay_cut_off
D:4:      layout_loops_cross, minmay_temple_entry_grid, serial_shops,
          nicolae_shop_statue_plus, shop, nicolae_shop_hallway_plus,
          kennysheep_little_box
D:5:      layout_basic, fedhas_altar_1, overflow_temple_1_default, serial_shops,
          nicolae_shop_gaudy_bauble, nicolae_shop_statue_plus, shop
D:6:      layout_cave_pools, gammafunk_ghost_cemetery, uniq_pikel, uniq_sigmund
D:7:      layout_gridville, uniq_maggie
D:8:      layout_cave_pools, enter_bailey_3, nrook_uturn
D:9:      layout_loops_corners, regret_index_xom_of_box, serial_shops,
          nicolae_shop_hallway_plus, kennysheep_potato
D:10:     layout_layer_cave, grunt_qazlal_sundering, dk_rats_in_the_wall,
          uniq_gastronok
Temple:   bh_familiar_temple

Skill      XL: |  1  2  3  4  5  6  7  8  9 10 |
---------------+-------------------------------+-----
Dodging        | 3 4 5 6 7 8 11 12 | 12.0
Ranged Weapons | 5 6 7 8 10 11 | 11.5
Fighting       | 2 3 4 |  4.1
Invocations    | 3 5 8 |  8.5
Armour         | 1 |  1.6
Stealth        | |  1.5

Action                     |  1- 3 |  4- 6 |  7- 9 | 10-12 || total
---------------------------+-------+-------+-------+-------++-------
   Fire: Shortbow          |    98 |   178 |   367 |   341 ||   984
 Invoke: Heroism           |       |       |     3 |       ||     3
         Finesse           |       |       |       |     3 ||     3
    Use: Potion            |     1 |     1 |     1 |       ||     3
         Scroll            |     7 |     4 |     9 |     1 ||    21
 Armour: Robe              |     2 |    10 |    19 |       ||    31
         Steam dragon scal |       |       |     5 |    44 ||    49
  Dodge: Dodged            |    15 |    65 |   119 |   223 ||   422

Table legend:
 A = Non-vault XP
 B = Vault XP
 C = Vault XP percentage of total XP
 D = Non-vault monster count
 E = Vault monster count
 F = Vault count percentage of total count
                 A         B        C        D         E       F
            +---------+---------+-------+---------+---------+-------
      Total |    9930 |    2154 |  17.8 |     234 |      21 |   8.2
            +---------+---------+-------+---------+---------+-------
        D:1 |      33 |       0 |   0.0 |      18 |       0 |   0.0
        D:2 |      49 |       0 |   0.0 |      21 |       0 |   0.0
        D:3 |      84 |      31 |  27.0 |      18 |       8 |  30.8
        D:4 |     361 |       0 |   0.0 |      24 |       0 |   0.0
        D:5 |     657 |       0 |   0.0 |      20 |       0 |   0.0
        D:6 |     902 |     880 |  49.4 |      27 |       2 |   6.9
        D:7 |    1442 |     385 |  21.1 |      35 |       1 |   2.8
        D:8 |    2303 |       8 |   0.3 |      30 |       4 |  11.8
        D:9 |    1115 |     850 |  43.3 |      17 |       6 |  26.1
       D:10 |    2984 |       0 |   0.0 |      24 |       0 |   0.0
            +---------+---------+-------+---------+---------+-------
